 Dungeon Sprint DCSS version 0.23.2-1-ga50397a (webtiles) character file.

Game seed: 9758796500929891267

13742 nuthulu the Warrior (level 12, -27/111 HPs)
             Began as a Formicid Fighter on Apr 16, 2019.
             Was the Champion of Cheibriados.
             Annihilated by an eldritch tentacle (30 damage)
             ... called by Esifi
             ... in the Dungeon (Sprint V: "Ziggurat Sprint").
             The game lasted 00:04:25 (1170 turns).

nuthulu the Warrior (Formicid Fighter)              Turns: 1170, Time: 00:04:25

Health: -27/111    AC: 31    Str: 36    XL:     12   Next: 36%
Magic:  6/21       EV: 14    Int: 23    God:    Cheibriados [******]
Gold:   0          SH: 34    Dex: 34    Spells: 11/11 levels left

rFire    + . .     SeeInvis +   F - +10 dark maul {crush}
rCold    . . .     Gourm    .   H - +18 shield of the Gong {rElec rN+ MR+ EV-5}
rNeg     + . .     Faith    .   G - +15 Maxwell's patent armour {-Cast -Tele rElec MR+ rCorr}
rPois    +         Spirit   .   (helmet unavailable)
rElec    +         Reflect  .   (no cloak)
rCorr    +         Harm     .   (no gloves)
MR       +++..     NoCast   +   (no boots)
Stlth    ..........             (no amulet)
HPRegen  0.28/turn              I - ring of Hedegh {rElec rPois rF+ Int-2}
MPRegen  0.17/turn              z - +6 ring of dexterity

@: very slow
A: permanent stasis, dig shafts and tunnels, four strong arms, antennae 3
a: Dig, Bend Time, Temporal Distortion, Slouch, Step From Time, Renounce
Religion


You were in the Dungeon.
You worshipped Cheibriados.
Cheibriados was exalted by your worship.
You were not hungry.

You visited 1 branch

Inventory:

Hand Weapons
 a - a +0 flail
 F - the +10 dark maul (weapon) {crush}
   (You found it in the Dungeon)

   It inflicts extra damage upon your enemies.
Armour
 b - a +0 scale mail
 c - a +0 shield
 G - the +15 Maxwell's patent armour (worn) {-Cast -Tele rElec MR+ rCorr}
   (You found it in the Dungeon)

   It insulates you from electricity.
   It affects your resistance to hostile enchantments.
   It prevents spellcasting.
   It prevents most forms of teleportation.
   It provides partial protection from all sources of acid and corrosion.
 H - the +18 shield of the Gong (worn) {rElec rN+ MR+ EV-5}
   (You found it in the Dungeon)

   It affects your evasion (-5).
   It insulates you from electricity.
   It protects you from negative energy.
   It affects your resistance to hostile enchantments.
Jewellery
 o - the ring "Faeblas" {Fire *Drain MR+++ Stlth+}
   (You found it in the Dungeon)

   [ring of fire]

   It enhances your fire magic.
   It protects you from fire.
   It makes you vulnerable to cold.
   It affects your resistance to hostile enchantments.
   It causes draining when unequipped.
   It makes you more stealthy.
 z - a +6 ring of dexterity (right hand)
 A - a +6 ring of dexterity
 B - a +6 ring of intelligence
 C - a +6 ring of intelligence
 D - a +6 ring of strength
 E - a +6 ring of strength
 I - the ring of Hedegh (left hand) {rElec rPois rF+ Int-2}
   (You found it in the Dungeon)

   [ring of protection from fire]

   It affects your intelligence (-2).
   It protects you from fire.
   It insulates you from electricity.
   It protects you from poison.
Wands
 w - a wand of disintegration (7)
 x - a wand of iceblast (7)
 y - a wand of acid (7)
Scrolls
 k - 4 scrolls of blinking
 q - 4 scrolls of amnesia
 r - 7 scrolls of fog
 s - a scroll of holy word
 t - 5 scrolls of identify
 u - 5 scrolls of remove curse
 v - 2 scrolls of fear
Potions
 d - 6 potions of might
 e - 10 potions of curing
 g - 10 potions of heal wounds
 h - 6 potions of haste
 i - 7 potions of magic
 j - 3 potions of berserk rage
 l - 2 potions of brilliance
 m - 2 potions of invisibility
 n - 4 potions of resistance
 p - 5 potions of agility
Comestibles
 f - 7 rations


   Skills:
 * Level 15.9 Fighting
 + Level 14.4 Maces & Flails
 + Level 14.6 Armour
 + Level 9.3 Dodging
 - Level 11.9 Shields
 - Level 12.1 Invocations


You had 11 spell levels left.
You didn't know any spells.
Your spell library was empty.

Dungeon Overview and Level Annotations

Branches:
Dungeon (1/1)

Altars:
Ashenzari
Cheibriados
Dithmenos
Elyvilon
Fedhas
Gozag
Hepliaklqana
Kikubaaqudgha
Makhleb
Nemelex Xobeh
Okawaru
Qazlal
Ru
Sif Muna
Trog
Uskayaw
Vehumet
Wu Jian
Xom
Yredelemnul
Zin
The Shining One
Beogh
Jiyva
Lugonu


Innate Abilities, Weirdness & Mutations

You cannot be hasted, slowed, berserked, paralysed or teleported.
You can dig through walls and to a lower floor.
Your four strong arms can wield two-handed weapons with a shield.
You have a pair of large antennae on your head. (SInv)


Message History

Togaj calls on the powers of darkness!
Your body is wracked with pain!
* * * LOW HITPOINT WARNING * * *
You block the ice devil's attack.
PANG!
Unknown command.
Unknown command.
You barely miss Togaj.
Togaj is severely wounded.
Togaj hits you but does no damage.
You block the eldritch tentacle's attack.
BOUMMMMG!
You block the eldritch tentacle's attack.
GONNNNG!
Togaj hits you but does no damage.
The eldritch tentacle slaps you but does no damage.
The eldritch tentacle claws you!!
* * * LOW HITPOINT WARNING * * *
The eldritch tentacle freezes you!!
You die... {{{{{ ▓..?=||:..▓ {{{{{

▓...)[[)..▓
▓.........▓
▓...*.....▓
▓..│......▓
▓..│.4....▓
▓...w&4...▓
▓....@....▓
▓▓▓▓▓▓▓▓▓▓▓
{


{{{{{{{{{ {{{{{{{{{{{ {{{{{{{{{{{ You could see Togaj, an eldritch tentacle, an
ice devil and a rust devil.

Vanquished Creatures
  A pandemonium lord (D)
  A dancing weapon (D)
  A deep elf knight (D)
  A sixfirhy (D)
  3 ugly things (D)
  3 deep elf magi (D)
  3 jumping spiders (D)
  4 merfolk (D)
  A wind drake (D)
  5 hippogriffs (D)
  An air elemental (D)
  2 tarantellas (D)
  A fire bat (shapeshifter) (D)
  A neqoxec (D)
  4 insubstantial wisps (D)
  2 black bears (D)
  A black bear (shapeshifter) (D)
  A small abomination (D)
  5 centaurs (D)
  A large abomination (D)
  An earth elemental (D)
  4 scorpions (D)
  2 crimson imps (D)
  A shadow imp (D)
  2 ufetubi (D)
52 creatures vanquished.

Vanquished Creatures (others)
  A spatial maelstrom (D)
1 creature vanquished.

Grand Total: 53 creatures vanquished

Notes
Turn   | Place    | Note
-------+----------+-------------------------------------------
     0 | D        | Found the +6 Majin-Bo {vamp, Archmagi MP+6 Int+6}
     0 | D        | Found the +7 great mace "Firestarter" {inner flame, rF++}
     0 | D        | nuthulu the Formicid Fighter began the quest for the Orb.
     0 | D        | Reached XP level 1. HP: 18/18 MP: 1/1
     2 | D        | Found a deep blue altar of Sif Muna.
     2 | D        | Found a sacrificial altar of Ru.
     2 | D        | Found a bloodstained altar of Trog.
     2 | D        | Found a stormy altar of Qazlal.
     2 | D        | Found an iron altar of Okawaru.
     2 | D        | Found a sparkling altar of Nemelex Xobeh.
     2 | D        | Found a blossoming altar of Fedhas.
     4 | D        | Found a transporter.
     4 | D        | Found an ancient bone altar of Kikubaaqudgha.
     4 | D        | Found a viscous altar of Jiyva.
     4 | D        | Found a corrupted altar of Lugonu.
     4 | D        | Found a hazy altar of Hepliaklqana.
     4 | D        | Found a burning altar of Makhleb.
     4 | D        | Found an opulent altar of Gozag.
    20 | D        | Found the +9 heavy crossbow "Sniper" {velocity, Acc+∞ SInv}
    20 | D        | Found the +10 dark maul {crush}
    20 | D        | Found the +15 Maxwell's patent armour {-Cast -Tele rElec
                  | MR+ rCorr}
    20 | D        | Found the +18 shield of the Gong {rElec rN+ MR+ EV-5}
    20 | D        | Found the cursed +14 obsidian axe {chop, +Fly SInv *Curse}
    27 | D        | Banished a spatial maelstrom
    45 | D        | Reached XP level 2. HP: 24/24 MP: 2/2
    57 | D        | Became a worshipper of Cheibriados the Contemplative
    65 | D        | Entered arena 2.
    65 | D        | Noticed a black bear
    65 | D        | Noticed a black bear
    65 | D        | Found a transporter.
    67 | D        | Killed a black bear
    67 | D        | Reached skill level 5 in Fighting
    67 | D        | Reached skill level 5 in Armour
    67 | D        | Reached skill level 5 in Shields
    67 | D        | Reached XP level 3. HP: 33/33 MP: 3/3
    67 | D        | Reached XP level 4. HP: 39/39 MP: 4/4
    67 | D        | Reached XP level 5. HP: 44/44 MP: 5/5
    68 | D        | Killed a black bear
    68 | D        | Reached * piety under Cheibriados
    68 | D        | Reached skill level 6 in Fighting
    68 | D        | Reached XP level 6. HP: 52/53 MP: 6/6
    74 | D        | Entered arena 3.
    74 | D        | Noticed a small abomination
    74 | D        | Noticed a large abomination
    74 | D        | Found a transporter.
    79 | D        | Killed a small abomination
    79 | D        | Reached ** piety under Cheibriados
    79 | D        | Reached skill level 7 in Fighting
    80 | D        | Killed a large abomination
    80 | D        | Reached XP level 7. HP: 60/61 MP: 6/9
    86 | D        | Got the ring "Faeblas" {Fire *Drain MR+++ Stlth+}
   102 | D        | Entered arena 4.
   102 | D        | Noticed a tarantella
   102 | D        | Noticed a jumping spider
   102 | D        | Noticed a jumping spider
   102 | D        | Found a transporter.
   103 | D        | Killed a jumping spider
   103 | D        | Reached skill level 8 in Fighting
   103 | D        | Reached skill level 5 in Invocations
   106 | D        | Killed a tarantella
   106 | D        | Reached *** piety under Cheibriados
   106 | D        | Reached skill level 9 in Fighting
   106 | D        | Reached XP level 8. HP: 55/71 MP: 9/12
   107 | D        | Killed a jumping spider
   107 | D        | Reached skill level 10 in Maces & Flails
   107 | D        | Reached skill level 10 in Shields
   179 | D        | Entered arena 5.
   179 | D        | Noticed a brown ugly thing
   179 | D        | Noticed a brown ugly thing
   179 | D        | Noticed a purple ugly thing
   179 | D        | Noticed a fire bat
   179 | D        | a swamp drake changed into a fire bat
   179 | D        | Found a transporter.
   182 | D        | Killed a fire bat
   182 | D        | Reached **** piety under Cheibriados
   184 | D        | Killed a purple ugly thing
   184 | D        | Reached skill level 10 in Fighting
   184 | D        | Reached skill level 10 in Armour
   184 | D        | Reached XP level 9. HP: 78/78 MP: 13/15
   186 | D        | Killed a purple ugly thing
   188 | D        | Killed a purple ugly thing
   188 | D        | Reached ***** piety under Cheibriados
   225 | D        | Entered arena 6.
   225 | D        | Noticed a jumping spider
   225 | D        | Found a transporter.
   230 | D        | Reached skill level 1 in Dodging
   239 | D        | Reached skill level 11 in Fighting
   245 | D        | Killed a jumping spider
   245 | D        | Reached XP level 10. HP: 36/87 MP: 17/17
   516 | D        | Entered arena 7.
   517 | D        | Found a transporter.
   520 | D        | Reached skill level 10 in Invocations
   521 | D        | Reached ****** piety under Cheibriados
   617 | D        | Entered arena 8.
   618 | D        | Found a transporter.
   662 | D        | Entered arena 9.
   662 | D        | Noticed a deep elf mage
   662 | D        | Noticed a deep elf mage
   662 | D        | Noticed a +7 flail of crushing
   662 | D        | Noticed a deep elf mage
   662 | D        | Noticed a deep elf knight
   663 | D        | Found a transporter.
   664 | D        | Killed a +7 flail of crushing
   664 | D        | Reached skill level 12 in Fighting
   665 | D        | Killed a deep elf mage
   665 | D        | Reached skill level 5 in Dodging
   667 | D        | Killed a deep elf knight
   667 | D        | Reached XP level 11. HP: 45/96 MP: 14/19
   669 | D        | Killed a deep elf mage
   669 | D        | Killed a deep elf mage
   899 | D        | Entered arena 10.
   900 | D        | Identified the +3 glaive "Kaohiwaos" {speed, *Corrode +Fly
                  | Str+2}
   900 | D        | Found a transporter.
   904 | D        | Reached skill level 13 in Fighting
   977 | D        | Got the ring of Hedegh {rElec rPois rF+ Int-2}
  1164 | D        | Entered arena 11.
  1164 | D        | Noticed a sixfirhy
  1164 | D        | Noticed Esifi the pandemonium lord
  1164 | D        | Noticed Togaj the pandemonium lord
  1165 | D        | Noticed a sun demon
  1165 | D        | Killed a sixfirhy
  1169 | D        | Killed Esifi the pandemonium lord
  1169 | D        | Reached skill level 15 in Fighting
  1169 | D        | Reached XP level 12. HP: 63/111 MP: 5/21
  1170 | D        | HP: 3/111 [eldritch tentacle[Esifi] (21)]
  1170 | D        | Annihilated by an eldritch tentacle

Skill      XL: |  1  2  3  4  5  6  7  8  9 10 11 |
---------------+----------------------------------+-----
Maces & Flails | 7 8 9 10 11 12 14 | 14.4
Fighting       | 5 6 7 9 10 11 12 15 | 15.9
Armour         | 5 6 7 8 10 11 12 14 | 14.6
Shields        | 5 7 8 9 10 11 | 11.9
Invocations    | 3 6 8 9 11 12 | 12.1
Dodging        | 2 5 9 |  9.3

Action                   |  1- 3 |  4- 6 |  7- 9 | 10-12 || total
-------------------------+-------+-------+-------+-------++-------
Melee: Maul              |     1 |     5 |    26 |    25 ||    57
Invok: Slouch            |       |       |       |     8 ||     8
  Use: Potion            |     1 |       |       |       ||     1
Armor: Plate armour      |       |     5 |    56 |    71 ||   132
Dodge: Dodged            |       |       |    13 |    49 ||    62
Block: Shield            |       |    11 |    82 |   120 ||   213
